 Dungeon Crawl Stone Soup version 0.23-a0-417-gf02c810438 (webtiles) character file.

10071 Nixze the Fighter (level 11, -6/160 HPs)
             Began as a Black Draconian Berserker on Nov 10, 2018.
             Was a High Priest of Trog.
             Mangled by an orc warrior
             ... wielding a +0 glaive
              (16 damage)
             ... on level 11 of the Dungeon.
             The game lasted 00:24:25 (13965 turns).

Nixze the Fighter (Black Draconian Berserker)      Turns: 13965, Time: 00:24:26

Health: -6/160     AC:  8    Str: 26    XL:     11   Next: 31%
Magic:  11/11      EV: 13    Int:  8    God:    Trog [*****.]
Gold:   536        SH:  0    Dex: 12    Spells: 10/10 levels left

rFire    . . .     SeeInvis .   b - +5 long sword
rCold    . . .     Gourm    .   (no shield)
rNeg     + . .     Faith    .   (armour unavailable)
rPois    .         Spirit   .   v - +0 hat
rElec    +         Reflect  .   m - scarf {repulsion}
rCorr    .         Harm     .   (no gloves)
MR       +....                  q - +0 pair of boots
Stlth    ..........             (no amulet)
HPRegen  0.36/turn              E - ring of positive energy
MPRegen  0.12/turn              F - ring of protection from magic

@: berserking, repel missiles, very quick
A: breathe lightning, unfitting armour, electricity resistance, cold-blooded, AC
+7
a: Breathe Lightning, Berserk, Trog's Hand, Brothers in Arms, Renounce Religion


You were on level 11 of the Dungeon.
You worshipped Trog.
Trog was extremely pleased with you.
You were near starving.

You visited 1 branch of the dungeon, and saw 11 of its levels.

You collected 664 gold pieces.
You spent 128 gold pieces at shops.

Inventory:

Hand Weapons
 a - the +8 rapier of Usebul {holy, Int+3}
   (You found it on level 6 of the Dungeon)

   It has been blessed by the Shining One to cause great damage to the undead
   and demons.
   It affects your intelligence (+3).
 b - a +5 long sword (weapon)
Armour
 m - a scarf of repulsion (worn)
 q - a +0 pair of boots (worn)
 r - a +1 cloak
 v - a +0 hat (worn)
 M - a +0 buckler
Jewellery
 E - a ring of positive energy (left hand)
 F - a ring of protection from magic (right hand)
 H - an uncursed ring of resist corrosion
Wands
 z - a wand of iceblast (20)
 D - a wand of acid (33)
 G - a wand of paralysis (11)
 I - a wand of disintegration (16)
 K - a wand of random effects (20)
 N - a wand of flame (21)
Scrolls
 c - 4 scrolls of remove curse
 d - 2 scrolls of enchant weapon
 g - 5 scrolls of identify
 j - 4 scrolls of amnesia
 k - 3 scrolls of enchant armour
 s - 2 scrolls of fear {unknown}
 u - 2 scrolls of blinking {unknown}
 w - 4 scrolls of immolation {unknown}
 y - a scroll of noise {unknown}
 B - 2 scrolls of teleportation {unknown}
Potions
 e - a potion of cancellation {unknown}
 f - a potion of resistance {unknown}
 h - 4 potions of berserk rage
 i - 2 potions of agility {unknown}
 l - a potion of heal wounds
 n - 4 potions of flight {unknown}
 o - 2 potions of ambrosia {unknown}
 p - a potion of mutation {unknown}
 t - 3 potions of lignification {unknown}
 x - 2 potions of brilliance {unknown}
 A - 2 potions of curing {unknown}
 C - 2 potions of magic {unknown}
 L - a potion of might {unknown}
Comestibles
 J - 17 rations


   Skills:
 + Level 13.4 Fighting
 + Level 12.5 Long Blades
 - Level 2.6 Dodging
 + Level 3.1 Shields


You had 10 spell levels left.
You didn't know any spells.
Your spell library was empty.

Dungeon Overview and Level Annotations

Branches:
Dungeon (11/15)            Temple (0/1) D:6            Lair (0/6) D:11
    Orc (0/2) D:9

Altars:
Ashenzari
Cheibriados
Elyvilon
Gozag
Sif Muna
Vehumet
The Shining One

Shops:
D:5 [   D:10 %

Annotations:
D:9 4 runed doors, exclusion: 4 doors


Innate Abilities, Weirdness & Mutations

You can breathe wild blasts of lightning.
Your glossy black scales are hard. (AC +7)
You cannot fit into any form of body armour.
You are resistant to electric shocks. (rElec)
You are cold-blooded and may be slowed by cold attacks.


Message History

All of the chunks of flesh in your inventory have rotted away.
Found a ration.
Things that are here:
a +0 dagger; a +0 robe An adder and an orc come into view.
The orc is wielding a +2 antimagic dagger.
A killer bee comes into view.
The orc warrior hits you with a +0 glaive!!
* * * LOW HITPOINT WARNING * * *
There is a stone staircase leading down, spattered with blood here.
A red film seems to cover your vision as you go berserk!
You feel yourself moving faster!
You feel mighty!
You are near starving!
The orc shouts!
An orc comes into view. It is wielding a -3 trident.
The orc shouts!
You hit the orc warrior.
The orc warrior is lightly wounded.
The orc warrior hits you with a +0 glaive!
You die...

... . ...yS #o
....... ...######
#.......
#..o....###.##...%
#..o...........
#...@.........
.#..........#
#...........#
#.#......)...# #
#......)...#
#.#######.### #.#
#.# ## ####.####
#.....[.#


You could see an orc warrior and 2 orcs.

Vanquished Creatures
  A centaur warrior (D:9)
  A two-headed ogre (D:10)
  A centaur zombie (D:10)
  A hornet (D:10)
  A troll (D:10)
  3 hippogriffs
  A wraith (D:10)
  2 basilisks (D:11)
  2 water moccasins
  3 porcupines (D:11)
  A necrophage (D:9)
  9 orc warriors
  2 ice beasts
  3 sky beasts
  5 black bears
  2 wolves (D:11)
  7 ogres
  A phantom (D:7)
  2 centaurs
  2 crocodiles
  2 big kobolds
  4 bullfrogs
  2 wyvern skeletons (D:6)
  4 scorpions
  13 killer bees
  7 wights
  A howler monkey (D:9)
  A bullfrog zombie (D:6)
  A crimson imp (D:6)
  A quasit (D:9)
  4 hounds
  5 jellies
  5 orc priests
  A gnoll shaman (D:5)
  10 orc wizards
  A bullfrog skeleton (D:8)
  2 iguanas
  12 worker ants
  A killer bee zombie (D:6)
  A hound zombie (D:5)
  2 hound skeletons
  A worker ant zombie (D:5)
  5 gnolls
  13 adders
  A river rat (D:4)
  3 shadow imps
  2 oozes (D:5)
  6 worms
  2 dart slugs (D:1)
  6 leopard geckos
  63 orcs
  3 ball pythons
  6 bats
  11 giant cockroaches
  11 hobgoblins
  14 jackals
  6 quokkas
  4 frilled lizards
  8 goblins
  17 kobolds
  A leopard gecko skeleton (D:4)
  A quokka skeleton (D:5)
  15 rats
329 creatures vanquished.

Vanquished Creatures (collateral kills)
  A hydra (D:11)
  2 killer bees (D:11)
3 creatures vanquished.

Vanquished Creatures (others)
  3 fungi (D:9)
  A plant (D:11)
4 creatures vanquished.

Grand Total: 336 creatures vanquished

Notes
Turn   | Place    | Note
-------+----------+-------------------------------------------
     0 | D:1      | Nixze the Draconian Berserker began the quest for the Orb.
     0 | D:1      | Reached XP level 1. HP: 19/19 MP: 1/1
    64 | D:1      | Reached XP level 2. HP: 24/27 MP: 2/2
   385 | D:1      | Reached skill level 4 in Fighting
   491 | D:1      | Reached XP level 3. HP: 33/33 MP: 3/3
   564 | D:1      | Reached ** piety under Trog
  1162 | D:2      | Reached XP level 4. HP: 24/41 MP: 4/4
  1761 | D:2      | Found a shattered altar of Ashenzari.
  2098 | D:3      | HP: 1/41 [orc wizard/puff of flame (12)]
  2307 | D:3      | Reached skill level 5 in Fighting
  2315 | D:3      | Reached XP level 5. HP: 43/48 MP: 5/5
  2657 | D:3      | Reached *** piety under Trog
  3074 | D:4      | Reached skill level 5 in Long Blades
  3075 | D:4      | Noticed a hippogriff
  3087 | D:4      | Killed a hippogriff
  3087 | D:4      | Reached skill level 6 in Fighting
  3087 | D:4      | Reached XP level 6. HP: 11/57 MP: 6/6
  3653 | D:4      | Your scales start taking on a glossy black colour.
  3653 | D:4      | Reached XP level 7. HP: 49/64 MP: 7/7
  3653 | D:4      | Gained mutation: You are resistant to electric shocks.
                  | (rElec) [Black Draconian growth]
  4017 | D:4      | Found a white marble altar of Elyvilon.
  4125 | D:4      | Found a radiant altar of Vehumet.
  4184 | D:5      | Entered Level 5 of the Dungeon
  4205 | D:5      | Reached skill level 7 in Fighting
  4280 | D:5      | Received a gift from Trog
  4340 | D:5      | HP: 3/66 [poisoned by a scorpion]
  4346 | D:5      | HP: 1/66 [poisoned by a scorpion]
  4354 | D:5      | HP: 1/66 [poisoned by a scorpion]
  5259 | D:4      | Reached XP level 8. HP: 16/74 MP: 8/8
  5532 | D:5      | Reached **** piety under Trog
  5532 | D:5      | Reached skill level 8 in Fighting
  5635 | D:5      | Found a glowing golden altar of the Shining One.
  5635 | D:5      | Found a deep blue altar of Sif Muna.
  5871 | D:5      | Found Peprish's Antique Armour Shoppe.
  5879 | D:5      | Bought a hat for 128 gold pieces
  6202 | D:6      | Got a translucent rapier
  6203 | D:6      | Identified the +8 rapier of Usebul {holy, Int+3} (You found
                  | it on level 6 of the Dungeon)
  6315 | D:6      | Reached skill level 9 in Fighting
  6564 | D:6      | Found a staircase to the Ecumenical Temple.
  6872 | D:7      | Noticed a hippogriff
  6897 | D:6      | Killed a hippogriff
  6963 | D:7      | Reached XP level 9. HP: 74/85 MP: 9/9
  7171 | D:7      | Reached skill level 10 in Fighting
  7618 | D:7      | Found an opulent altar of Gozag.
  7694 | D:7      | Found a snail-covered altar of Cheibriados.
  7901 | D:8      | Reached ***** piety under Trog
  8575 | D:8      | Reached skill level 10 in Long Blades
  9352 | D:8      | Reached skill level 11 in Fighting
  9432 | D:9      | Noticed a centaur warrior
  9448 | D:9      | Killed a centaur warrior
  9448 | D:9      | Reached XP level 10. HP: 25/96 MP: 10/10
  9854 | D:9      | Found a huge runed gate.
  9854 | D:9      | Found a huge runed gate.
 10698 | D:8      | Reached skill level 12 in Fighting
 11102 | D:9      | Found a huge runed gate.
 11103 | D:9      | Found a huge runed gate.
 11104 | D:9      | Noticed a death yak
 11105 | D:9      | Noticed a manticore
 11540 | D:9      | Found a staircase to the Orcish Mines.
 11798 | D:9      | Received a gift from Trog
 11983 | D:10     | Entered Level 10 of the Dungeon
 12113 | D:10     | Found Xesao's Food Shoppe.
 12363 | D:10     | Noticed a two-headed ogre
 12372 | D:10     | Killed a two-headed ogre
 12585 | D:10     | Reached skill level 13 in Fighting
 12747 | D:10     | Reached XP level 11. HP: 105/107 MP: 11/11
 12827 | D:10     | Reached skill level 1 in Shields
 13761 | D:11     | Found a staircase to the Lair.
 13892 | D:11     | Noticed a six-headed hydra
 13897 | D:11     | Killed an eight-headed hydra
 13965 | D:11     | Mangled by an orc warrior

Vault maps used:
D:1:      eino_arrival_druids_welcome
D:2:      marbit_many_paths
D:4:      lemuel_coloured_pillars_altar, lemuel_round_altar,
          gup_sewer_entry_spiral
D:5:      chequers_temple_overflow_statue_of_worship, first_ration,
          kennysheep_diamond
D:6:      minmay_temple_entry_trees
D:7:      grunt_gozag_breadcrumbs, cheibrodos_worm_habitat
D:9:      lemuel_bear_cage, orc_0_dummy, special_room, fungi_pond_lemuel
D:10:     serial_shops, shop
D:11:     hangedman_what_comes_after_a, minmay_lair_entry_grove,
          portal_ice_cave_entry_pillars_1

Skill      XL: |  1  2  3  4  5  6  7  8  9 10 11 |
---------------+----------------------------------+-----
Fighting       | 4 5 6 7 9 11 13 | 13.4
Long Blades    | 4 5 6 7 9 10 12 | 12.5
Shields        | 3 |  3.1
Dodging        | |  2.6

Action                   |  1- 3 |  4- 6 |  7- 9 | 10-12 || total
-------------------------+-------+-------+-------+-------++-------
Melee: Falchion          |    95 |   185 |   215 |       ||   495
       Tailslap          |    14 |    26 |    76 |    60 ||   176
       Rapier            |       |       |   209 |       ||   209
       Long sword        |       |       |    13 |   325 ||   338
Invok: Berserk           |       |       |     4 |     4 ||     8
       Brothers in Arms  |       |       |       |     2 ||     2
 Abil: Breathe Lightning |       |       |     7 |     5 ||    12
  Use: Scroll            |       |     4 |     2 |       ||     6
       Potion            |       |     1 |     1 |       ||     2
 Stab: Sleeping          |     1 |       |       |     1 ||     2
       Distracted        |       |       |     1 |       ||     1
  Eat: Chunk             |     1 |     8 |    19 |    13 ||    41
       Ration            |       |       |     1 |     2 ||     3
Armor: Skin              |    26 |    58 |   139 |    90 ||   313
Dodge: Dodged            |    72 |   101 |   304 |   210 ||   687
       Rpst.: Falchion   |    20 |    42 |    39 |       ||   101
       Long sword        |       |       |     3 |    45 ||    48

Table legend:
 A = Non-vault XP
 B = Vault XP
 C = Vault XP percentage of total XP
 D = Non-vault monster count
 E = Vault monster count
 F = Vault count percentage of total count
                 A         B        C        D         E       F
            +---------+---------+-------+---------+---------+-------
      Total |   11916 |    2472 |  17.2 |     285 |      47 |  14.2
            +---------+---------+-------+---------+---------+-------
        D:1 |      46 |       0 |   0.0 |      28 |       0 |   0.0
        D:2 |      58 |       2 |   3.3 |      20 |       1 |   4.8
        D:3 |     193 |       0 |   0.0 |      29 |       0 |   0.0
        D:4 |     506 |      29 |   5.4 |      26 |       8 |  23.5
        D:5 |     648 |      48 |   6.9 |      33 |       2 |   5.7
        D:6 |    1261 |       0 |   0.0 |      27 |       0 |   0.0
        D:7 |     716 |       5 |   0.7 |      22 |       1 |   4.3
        D:8 |    1737 |     125 |   6.7 |      29 |       1 |   3.3
        D:9 |    2470 |     744 |  23.1 |      29 |      23 |  44.2
       D:10 |    3165 |       0 |   0.0 |      28 |       0 |   0.0
       D:11 |    1116 |    1519 |  57.6 |      14 |      11 |  44.0
            +---------+---------+-------+---------+---------+-------
